AoeStats
← Æurosswydd

Arabia

510150738Analyzed
3v3 RM · 3d ago on Sep 29, 2026· 29m 13s· 6 players
Game mode
Random Map
Map size
Normal (6 player)
Population
200
Speed
Normal
Resources
Standard
Victory
Conquest
Starting age
Dark Age
Ending age
Imperial Age
RankedLock teamsTeams togetherTeam positionsShared explorationLock speedFull tech treeHidden civsTurbo modeCheats
Victory
Defeat
🇩🇰 Magyars · Denmark
1154
+10
🇧🇪 Varangians · Belgium
1115
+12
🇮🇪 Huns · Ireland
1089
+12
🇹🇷 Georgians · Türkiye
1022
-12
🇲🇽 Goths · Mexico
1016
-11
🇹🇷 Turks · Türkiye
1008
-11
Æurosswydd
3:45 Loom
11:17 Feudal Age
9:59 Loom
12:12 Double-Bit Axe
12:11 Horse Collar
23:27 Wheelbarrow
26:46 Castle Age
25:39 Stone Mining
25:42 Gold Mining
Cerrahpaşalı Halit
10:34 Feudal Age
9:42 Loom
27:15 Castle Age
26:39 Wheelbarrow
25:48 Horse Collar
26:08 Double-Bit Axe
glitter
2:09 Loom
11:13 Feudal Age
12:01 Double-Bit Axe
13:45 Wheelbarrow
15:02 Town Watch
17:23 Forging
19:36 Bloodlines
21:27 Scale Barding Armor
21:57 Horse Collar
27:01 Castle Age
28:06 Hand Cart
27:13 Light Cavalry
27:54 Husbandry
29:21 Iron Casting
DeLirium
7:24 Loom
9:42 Feudal Age
9:53 Man-at-Arms
15:49 Horse Collar
19:49 Double-Bit Axe
22:57 Castle Age
21:24 Scale Mail Armor
22:09 Forging
21:50 Arson
23:42 Wheelbarrow
24:46 Gold Mining
25:34 Bow Saw
26:46 Chain Mail Armor
28:11 Hand Cart
joelzmi
9:56 Feudal Age
9:59 Loom
10:28 Double-Bit Axe
13:25 Wheelbarrow
18:37 Castle Age
17:28 Scale Barding Armor
18:03 Forging
19:22 Bloodlines
19:46 Hand Cart
19:46 Pikeman
22:56 Husbandry
25:16 Light Cavalry
26:48 Gold Mining
28:57 Iron Casting
Aguiliure
9:04 Feudal Age
8:48 Loom
10:08 Double-Bit Axe
14:10 Horse Collar
18:10 Fletching
20:37 Wheelbarrow
20:45 Gold Mining
23:15 Castle Age
21:40 Scale Barding Armor
22:25 Bloodlines
22:17 Padded Archer Armor
24:30 Bodkin Arrow
24:48 Thumb Ring
26:50 Ballistics
26:46 Husbandry
Connection lost

Rejoining the realm…

Still unreachable

The connection could not be restored.

Session expired

The server has moved on; the page needs a fresh start.